PAA
ATLANTIC CITY SONICS @ CHESAPEAKE CONTINENTALS
07/20/2033
 
TOP OF THE 1ST
Atlantic City Sonics batting - Pitching for Chesapeake Continentals : RHP Randy Carr
Pitching: RHP Randy Carr
Batting: RHB Gary Jenkins 0-0: Called Strike
0-1: SINGLE (Groundball, 6MD)
Batting: RHB Mike Pate 0-0: Ball
1-0: Ball
2-0: Called Strike
2-1: Ball
3-1: Base on Balls
Gary Jenkins to second
Batting: LHB Bryce Abood 0-0: Ball
1-0: Called Strike
1-1: Foul Ball, location: 2F
1-2: Foul Ball, location: 2F
1-2: Ball
2-2: Ball
3-2: Grounds into double play, 5-4-3 (Groundball, 5)
Gary Jenkins to third
Batting: RHB Jeff Quesenberry 0-0: Ball
1-0: Ball
2-0: Swinging Strike
2-1: Ground out 5-3 (Groundball, 56)
Top of the 1st over - 0 runs, 1 hit, 0 errors, 1 left on base; Atlantic City 0 - Chesapeake 0
BOTTOM OF THE 1ST
Chesapeake Continentals batting - Pitching for Atlantic City Sonics : RHP Lincoln Spooner
Pitching: RHP Lincoln Spooner
Batting: RHB Phil Oostermeer 0-0: SINGLE (Flyball, 89S)
Batting: RHB Mark Sawyer 0-0: Ball
1-0: Swinging Strike
1-1: Ball
2-1: Fly out, F7 (Line Drive, 7)
Batting: RHB Santiago Valentín 0-0: Ball
Phil Oostermeer steals 2nd base
1-0: Swinging Strike
1-1: Ball
Phil Oostermeer is caught stealing 3rd base
2-1: Ground out 5-3 (Groundball, 56)
Bottom of the 1st over - 0 runs, 1 hit, 0 errors, 0 left on base; Atlantic City 0 - Chesapeake 0
TOP OF THE 2ND
Atlantic City Sonics batting - Pitching for Chesapeake Continentals : RHP Randy Carr
Batting: RHB Alejandro Sánchez 0-0: Ball
1-0: Called Strike
1-1: Swinging Strike
1-2: Strikes out looking
Batting: RHB John Willoughby 0-0: Called Strike
0-1: Fly out, F7 (Flyball, 7S)
Batting: RHB Guillermo Mata 0-0: Ground out 5-3 (Groundball, 56S)
Top of the 2nd over - 0 runs, 0 hits, 0 errors, 0 left on base; Atlantic City 0 - Chesapeake 0
BOTTOM OF THE 2ND
Chesapeake Continentals batting - Pitching for Atlantic City Sonics : RHP Lincoln Spooner
Batting: RHB Jim MacRach 0-0: Ball
1-0: Swinging Strike
1-1: Ball
2-1: Ball
3-1: Fly out, F8 (Line Drive, 89M)
Batting: LHB Raphaël Duval 0-0: SOLO HOME RUN (Flyball, 9LD), Distance : 343 ft
Batting: RHB Manuel Ángel 0-0: Ball
1-0: Ball
2-0: Swinging Strike
2-1: Foul Ball, location: 2F
2-2: Foul Ball, location: 2F
2-2: Ground out U3 (Groundball, 34S)
Batting: RHB Júlio Costa 0-0: Ball
1-0: Ball
2-0: Called Strike
2-1: Foul Ball, location: 2F
2-2: Ball
3-2: DOUBLE (Line Drive, 7LM)
Batting: RHB Shou-chien Luo 0-0: Fly out, F9 (Line Drive, 9S)
Bottom of the 2nd over - 1 run, 2 hits, 0 errors, 1 left on base; Atlantic City 0 - Chesapeake 1
TOP OF THE 3RD
Atlantic City Sonics batting - Pitching for Chesapeake Continentals : RHP Randy Carr
Batting: RHB Kendrick Drumgoole 0-0: Ball
1-0: Foul Ball, location: 2F
1-1: Ball
2-1: Called Strike
2-2: SINGLE (Flyball, 8RS)
Batting: RHB Toyozo Yamasaki 0-0: Ball
1-0: Ground out 4-3 (Groundball, 34)
Kendrick Drumgoole to second
Batting: RHB Gary Jenkins 0-0: Ball
1-0: Ball
2-0: Foul Ball, location: 2F
2-1: Called Strike
2-2: Ball
3-2: Strikes out swinging
Batting: RHB Mike Pate 0-0: Ball
1-0: Ball
2-0: Ball
3-0: Called Strike
3-1: Base on Balls
Batting: LHB Bryce Abood 0-0: Ball
1-0: Ball
2-0: Ground out 1-3 (Groundball, P)
Top of the 3rd over - 0 runs, 1 hit, 0 errors, 2 left on base; Atlantic City 0 - Chesapeake 1
BOTTOM OF THE 3RD
Chesapeake Continentals batting - Pitching for Atlantic City Sonics : RHP Lincoln Spooner
Batting: RHB Yohann Serres 0-0: Ground out 1-3 (Groundball, 13S)
Batting: RHB Phil Oostermeer 0-0: Ball
1-0: Swinging Strike
1-1: Ball
2-1: Foul Ball, location: 2F
2-2: SINGLE (Groundball, 6D)
Batting: RHB Mark Sawyer 0-0: Called Strike
0-1: Ball
1-1: Foul Ball, location: 2F
1-2: Foul Ball, location: 2F
1-2: Ball
2-2: Foul Ball, location: 2F
2-2: Foul Ball, location: 2F
2-2: Ball
Phil Oostermeer is caught stealing 2nd base
3-2: SINGLE (Line Drive, 89S)
Batting: RHB Santiago Valentín 0-0: Ball
1-0: Called Strike
1-1: Ball
2-1: Swinging Strike
2-2: Foul Ball, location: 2F
2-2: Foul Ball, location: 2F
2-2: Ball
Wild Pitch!
Mark Sawyer to second
3-2: Foul Ball, location: 2F
3-2: Ground out 3-1 (Groundball, 34S)
Bottom of the 3rd over - 0 runs, 2 hits, 0 errors, 1 left on base; Atlantic City 0 - Chesapeake 1
TOP OF THE 4TH
Atlantic City Sonics batting - Pitching for Chesapeake Continentals : RHP Randy Carr
Batting: RHB Jeff Quesenberry 0-0: Ball
1-0: Fly out, F6 (Popup, 6MD)
Batting: RHB Alejandro Sánchez 0-0: Ball
1-0: Foul Ball, location: 2F
1-1: Ball
2-1: Foul Ball, location: 2F
2-2: Ground out U3 (Groundball, 34)
Batting: RHB John Willoughby 0-0: Ball
1-0: Swinging Strike
1-1: Ground out 6-3 (Groundball, 6)
Top of the 4th over - 0 runs, 0 hits, 0 errors, 0 left on base; Atlantic City 0 - Chesapeake 1
BOTTOM OF THE 4TH
Chesapeake Continentals batting - Pitching for Atlantic City Sonics : RHP Lincoln Spooner
Batting: RHB Jim MacRach 0-0: Swinging Strike
0-1: Ball
1-1: Fly out, F9 (Flyball, 9)
Batting: LHB Raphaël Duval 0-0: SINGLE (Groundball, 34D)
Batting: RHB Manuel Ángel 0-0: Ball
1-0: SINGLE (Groundball, 4MD)
Raphaël Duval to second
Runner from 2nd tries for 3rd, OUT!
Batting: RHB Júlio Costa 0-0: Called Strike
0-1: Foul Ball, location: 2F
0-2: Foul Ball, location: 2F
0-2: Foul Ball, location: 2F
0-2: Foul Ball, location: 2F
0-2: Foul Ball, location: 2F
0-2: Ball
1-2: Ground out 1-3 (Groundball, 15S)
Bottom of the 4th over - 0 runs, 2 hits, 0 errors, 1 left on base; Atlantic City 0 - Chesapeake 1
TOP OF THE 5TH
Atlantic City Sonics batting - Pitching for Chesapeake Continentals : RHP Randy Carr
Batting: RHB Guillermo Mata 0-0: Called Strike
0-1: Called Strike
0-2: Foul Ball, location: 2F
0-2: Ball
1-2: Ball
2-2: Strikes out looking
Batting: RHB Kendrick Drumgoole 0-0: Swinging Strike
0-1: Ball
1-1: Swinging Strike
1-2: Strikes out swinging
Batting: RHB Toyozo Yamasaki 0-0: Swinging Strike
0-1: Swinging Strike
0-2: Fly out, F8 (Flyball, 8RD)
Top of the 5th over - 0 runs, 0 hits, 0 errors, 0 left on base; Atlantic City 0 - Chesapeake 1
BOTTOM OF THE 5TH
Chesapeake Continentals batting - Pitching for Atlantic City Sonics : RHP Lincoln Spooner
Batting: RHB Shou-chien Luo 0-0: Ball
1-0: Ball
2-0: Ground out 4-3 (Groundball, 4)
Batting: RHB Yohann Serres 0-0: SINGLE (Groundball, 4MD)
Batting: RHB Phil Oostermeer 0-0: Ball
1-0: Fly out, F3 (Line Drive, 3)
Batting: RHB Mark Sawyer 0-0: SINGLE (Line Drive, 6D)
Yohann Serres to second
Batting: RHB Santiago Valentín 0-0: Swinging Strike
0-1: Called Strike
0-2: Ball
1-2: SINGLE (Line Drive, 5D)
Yohann Serres to third
Mark Sawyer to second
Batting: RHB Jim MacRach 0-0: Reached on error, E6 (Groundball, 6)
Yohann Serres scores
Mark Sawyer to third
Santiago Valentín to second
Batting: LHB Raphaël Duval 0-0: Ball
1-0: Ball
2-0: Foul Ball, location: 2F
2-1: Ball
3-1: Swinging Strike
3-2: Base on Balls
Mark Sawyer scores
Santiago Valentín to third
Jim MacRach to second
Batting: RHB Manuel Ángel 0-0: Ball
Wild Pitch!
Santiago Valentín scores
Jim MacRach to third
Raphaël Duval to second
1-0: Called Strike
1-1: Swinging Strike
1-2: Foul Ball, location: 2F
1-2: Ball
2-2: Strikes out swinging
Bottom of the 5th over - 3 runs, 3 hits, 1 error, 2 left on base; Atlantic City 0 - Chesapeake 4
TOP OF THE 6TH
Atlantic City Sonics batting - Pitching for Chesapeake Continentals : RHP Randy Carr
Batting: RHB Gary Jenkins 0-0: Ball
1-0: Ball
2-0: Called Strike
2-1: Called Strike
2-2: Strikes out swinging
Batting: RHB Mike Pate 0-0: Called Strike
0-1: Ball
1-1: Ball
2-1: SINGLE (Flyball, 7S)
Batting: LHB Bryce Abood 0-0: Ball
1-0: Foul Ball, location: 2F
1-1: Ball
2-1: Swinging Strike
2-2: Grounds into double play, 4-6-3 (Groundball, 4)
Top of the 6th over - 0 runs, 1 hit, 0 errors, 0 left on base; Atlantic City 0 - Chesapeake 4
BOTTOM OF THE 6TH
Chesapeake Continentals batting - Pitching for Atlantic City Sonics : RHP Lincoln Spooner
Batting: RHB Júlio Costa 0-0: Called Strike
0-1: Ball
1-1: Foul Ball, location: 2F
1-2: Ball
2-2: Ground out 6-3 (Groundball, 6)
Batting: RHB Shou-chien Luo 0-0: Ground out 6-3 (Groundball, 6)
Batting: RHB Yohann Serres 0-0: Ball
1-0: Ball
2-0: Foul Ball, location: 2F
2-1: Ball
3-1: Foul Ball, location: 2F
3-2: Base on Balls
Pitching: RHP Norberto Concepción
Batting: RHB Phil Oostermeer 0-0: Ball
Wild Pitch!
Yohann Serres to second
1-0: Swinging Strike
1-1: Swinging Strike
1-2: SINGLE (Flyball, 7LS)
Yohann Serres to third
Runner from 3rd tries for Home, SAFE, no throw
Batting: RHB Mark Sawyer 0-0: Called Strike
0-1: Ball
1-1: Ball
2-1: Fielders Choice at 2nd, 6-4 (Groundball, 6)
Bottom of the 6th over - 1 run, 1 hit, 0 errors, 1 left on base; Atlantic City 0 - Chesapeake 5
TOP OF THE 7TH
Atlantic City Sonics batting - Pitching for Chesapeake Continentals : RHP Randy Carr
Batting: RHB Jeff Quesenberry 0-0: Ball
1-0: Fly out, F9 (Flyball, 9S)
Batting: RHB Alejandro Sánchez 0-0: Ball
1-0: Swinging Strike
1-1: Fly out, F9 (Flyball, 9LM)
Batting: RHB John Willoughby 0-0: Ball
1-0: Foul Ball, location: 2F
1-1: Foul Ball, location: 2F
1-2: Foul Ball, location: 2F
1-2: Ball
2-2: Foul Ball, location: 2F
2-2: SINGLE (Groundball, 6MD)
Batting: RHB Guillermo Mata 0-0: SINGLE (Groundball, 6MD)
John Willoughby to second
Batting: RHB Kendrick Drumgoole 0-0: Fly out, F9 (Flyball, 9S)
Top of the 7th over - 0 runs, 2 hits, 0 errors, 2 left on base; Atlantic City 0 - Chesapeake 5
BOTTOM OF THE 7TH
Chesapeake Continentals batting - Pitching for Atlantic City Sonics : RHP Norberto Concepción
Batting: RHB Santiago Valentín 0-0: Called Strike
0-1: Called Strike
0-2: Foul Ball, location: 2F
0-2: Strikes out swinging
Batting: RHB Jim MacRach 0-0: Ball
1-0: Foul Ball, location: 2F
1-1: Ball
2-1: Ball
3-1: Called Strike
3-2: Foul Ball, location: 2F
3-2: Base on Balls
Batting: LHB Raphaël Duval 0-0: Ball
1-0: Foul Ball, location: 2F
1-1: Called Strike
1-2: Foul Ball, location: 2F
1-2: Ball
2-2: Ball
3-2: Grounds into double play, 4-6-3 (Groundball, 4)
Bottom of the 7th over - 0 runs, 0 hits, 0 errors, 0 left on base; Atlantic City 0 - Chesapeake 5
TOP OF THE 8TH
Atlantic City Sonics batting - Pitching for Chesapeake Continentals : RHP Randy Carr
Now at SS: Holden Nolan
Batting: RHB Toyozo Yamasaki 0-0: Ball
1-0: Swinging Strike
1-1: Foul Ball, location: 2F
1-2: Ground out 5-3 (Groundball, 56S)
Pitching: RHP Kenny Makris
Batting: RHB Gary Jenkins 0-0: Ball
1-0: Called Strike
1-1: Fly out, F7 (Flyball, 78M)
Batting: RHB Mike Pate 0-0: Called Strike
0-1: Ball
1-1: Ground out 5-3 (Groundball, 56S)
Top of the 8th over - 0 runs, 0 hits, 0 errors, 0 left on base; Atlantic City 0 - Chesapeake 5
BOTTOM OF THE 8TH
Chesapeake Continentals batting - Pitching for Atlantic City Sonics : RHP Norberto Concepción
Batting: RHB Manuel Ángel 0-0: Foul Ball, location: 2F
0-1: SINGLE (Line Drive, 56)
Batting: RHB Júlio Costa 0-0: Ball
1-0: Foul Ball, location: 2F
1-1: Ball
2-1: Ball
3-1: Foul Ball, location: 2F
3-2: Strikes out swinging
Batting: RHB Shou-chien Luo 0-0: Called Strike
0-1: Ball
1-1: Foul Ball, location: 2F
1-2: Ground out 6-3 (Groundball, 6MS)
Manuel Ángel to second
Batting: RHB Yohann Serres 0-0: Foul Ball, location: 2F
0-1: Fly out, F8 (Flyball, 8RXD)
Bottom of the 8th over - 0 runs, 1 hit, 0 errors, 1 left on base; Atlantic City 0 - Chesapeake 5
TOP OF THE 9TH
Atlantic City Sonics batting - Pitching for Chesapeake Continentals : RHP Kenny Makris
Now at C: Maurício Calabaa
Batting: LHB Bryce Abood 0-0: Ball
1-0: Ball
2-0: Foul Ball, location: 2F
2-1: Foul Ball, location: 2F
2-2: Foul Ball, location: 2F
2-2: SINGLE (Groundball, 4MD)
Batting: RHB Jeff Quesenberry 0-0: Ball
1-0: Ball
2-0: Ball
3-0: Called Strike
3-1: Called Strike
3-2: Fielders Choice at 2nd, 1-6 (Groundball, 13)
Batting: RHB Alejandro Sánchez 0-0: Ball
1-0: Fly out, F6 (Line Drive, 6M)
Batting: RHB John Willoughby 0-0: Called Strike
0-1: Swinging Strike
0-2: Ball
1-2: DOUBLE (Line Drive, 89M)
Jeff Quesenberry to third
Batting: RHB Guillermo Mata 0-0: Swinging Strike
0-1: Swinging Strike
0-2: Strikes out swinging
Top of the 9th over - 0 runs, 2 hits, 0 errors, 2 left on base; Atlantic City 0 - Chesapeake 5
Saturday, December 22nd, 2018 - OOTP Baseball 18.8 Build 76